 Dungeon Crawl Stone Soup version 0.26.1-11-gd32895ea62 (webtiles) character file.

Game seed: 16297138899040285254

9238 dtburroughs the Fighter (level 11, -3/86 (101) HPs)
             Began as a Minotaur Berserker on June 22, 2021.
             Was an Elder of Trog.
             Killed from afar by Nergalle (19 damage)
             ... with a bolt of negative energy
             ... on level 11 of the Dungeon.
             The game lasted 00:22:31 (11831 turns).

dtburroughs the Fighter (Minotaur Berserker)       Turns: 11831, Time: 00:22:32

HP:   -3/86 (101)   AC: 16    Str: 27    XL:     11   Next: 20%
MP:   10/10         EV: 14    Int:  7    God:    Trog [****..]
Gold: 592           SH:  0    Dex: 13    Spells: 10/10 levels left

rFire    + . .     SeeInvis .   E - +2 war axe (vorpal)
rCold    . . .     Faith    .   (no shield)
rNeg     . . .     Spirit   .   A - +2 chain mail {rF+}
rPois    +         Reflect  .   (helmet restricted)
rElec    .         Harm     .   t - +1 cloak "Fisse" {Str+5 Dex+3}
rCorr    .         Rampage  .   (no gloves)
Will     ++...                  (no boots)
Stlth    ..........             G - amulet of regeneration
HPRegen  1.64/turn              c - ring of flight
MPRegen  0.12/turn              C - ring of poison resistance

@: about to teleport, regenerating, heavily drained
A: retaliatory headbutt, horns 2
a: Renounce Religion, Evoke Flight, Berserk, Trog's Hand, Brothers in Arms


You were on level 11 of the Dungeon.
You worshipped Trog.
Trog was greatly pleased with you.
You visited 1 branch of the dungeon, and saw 11 of its levels.

You collected 592 gold pieces.

Inventory:

Hand Weapons
 a - a +0 hand axe
 s - a +1 whip of pain
 u - a +0 war axe
 D - a +2 morningstar
 E - a +2 vorpal war axe (weapon)
 F - a +2 hand axe of freezing
 I - a +0 hand axe of electrocution
Armour
 i - a +0 chain mail
 t - the +1 cloak "Fisse" (worn) {Str+5 Dex+3}
   (You found it on level 4 of the Dungeon)

   It affects your strength (+5).
   It affects your dexterity (+3).
 v - the +0 chain mail of Jaemil {+Inv rPois rN+ Dex+2}
   (You found it on level 4 of the Dungeon)

   It affects your dexterity (+2).
   It protects you from poison.
   It protects you from negative energy.
   It lets you turn invisible.
 A - a +2 chain mail of fire resistance (worn)
 H - a +0 plate armour
Jewellery
 c - a ring of flight (left hand)
 C - a ring of poison resistance (right hand)
 G - an amulet of regeneration (around neck)
 K - a cursed ring of teleportation {unknown}
Wands
 k - a wand of disintegration (29)
 z - a wand of acid (19)
 L - a wand of random effects (19)
Scrolls
 d - a scroll of random uselessness {unknown}
 e - 6 scrolls of fog
 l - 8 scrolls of remove curse
 m - 4 scrolls of fear
 n - 2 scrolls of blinking {unknown}
 q - 3 scrolls of teleportation
 x - a scroll of noise {unknown}
 y - a scroll of vulnerability {unknown}
 J - a scroll of enchant weapon {unknown}
 M - a scroll of immolation {unknown}
Potions
 b - 2 potions of flight {unknown}
 f - 4 potions of lignification
 g - 9 potions of curing
 h - 3 potions of haste
 j - 2 potions of magic
 o - 2 potions of brilliance {unknown}
 p - a potion of mutation {unknown}
 r - 4 potions of heal wounds
 B - 2 potions of degeneration {unknown}


   Skills:
 + Level 10.5 Fighting
 + Level 10.5 Axes
 + Level 10.2 Armour
 + Level 9.4 Dodging
 + Level 5.2 Evocations


You had 10 spell levels left.
You didn't know any spells.
Your spell library was empty.

Dungeon Overview and Level Annotations

Branches:
Dungeon (11/15)            Temple (0/1) D:7
   Lair: D:8-11         Orc: D:9-12

Altars:
Ashenzari
Cheibriados
Fedhas
Gozag
Hepliaklqana
Makhleb
Trog
Uskayaw
Vehumet
Yredelemnul

Annotations:
D:6 3 runed translucent doors, 2021koboldassassin's ghost, novice KoBr
D:11 Nergalle


Innate Abilities, Weirdness & Mutations

You reflexively headbutt those who attack you in melee.
You have a pair of horns on your head.


Message History

The spectral orc knight completely resists.
You fail to use your ability.
The spectral orc knight misses you.
The spectral orc knight hits you with a +0 dire flail.
The spectral orc warlord closely misses you.
The spectral orc warrior hits you but does no damage.
Nergalle grimaces horribly.
Nergalle points at you and mumbles some strange words.
The bolt of negative energy hits you.
You feel drained.
The bolt of negative energy hits the spectral orc knight.
The spectral orc knight completely resists.
The spectral orc knight barely misses you.
As you read the scroll of teleportation, it crumbles to dust.
You feel strangely unstable.
The spectral orc knight hits you but does no damage.
Space warps horribly around you!
* * * LOW HITPOINT WARNING * * *
The spectral orc knight completely misses you.
Nergalle points at you and mumbles some strange words.
The bolt of negative energy hits you!!
You feel drained.
You die...

###############
.......#.......
.......#....... .## ##+##
.....#....... ... #...#
#...#....... .. #...#
#...#....... .. ..#.Z.#
#...'....... ...
o#Z@.####..†######..
.........ZoZ...#..)#....#..
#..#####..Z............#..
#......#...####........#..
#..........# ######'###..
+##.......# #....#..
#...######## #....###
#...#...#..##+###†###..
#...#...#......#....'..


You could see Nergalle, a spectral orc warrior (summoned), 3 spectral orc
knights and a spectral orc warlord (summoned).

Vanquished Creatures
  Harold (D:7)
  A centaur warrior (D:10)
  A two-headed ogre (D:9)
  An unseen horror (D:7)
  2 trolls (D:10)
  A slime creature (D:9)
  Sigmund (D:4)
  3 water moccasins
  Duvessa (D:7)
  A black bear (D:9)
  An ice beast (D:10)
  3 orc warriors
  4 sky beasts
  5 ogres
  4 centaurs
  4 phantoms
  A big kobold (D:10)
  6 bullfrogs
  A gnoll sergeant (D:8)
  4 scorpions
  Dowan (D:7)
  A water moccasin skeleton (D:6)
  5 wights (D:7)
  2 howler monkeys
  4 centaur zombies
  4 jellies
  2 bullfrog skeletons
  6 hounds
  A quasit (D:10)
  8 orc priests
  A centaur skeleton (D:7)
  8 orc wizards
  3 iguanas
  6 worker ants
  A hound zombie (D:7)
  3 hound skeletons
  A worker ant zombie (D:9)
  3 howler monkey skeletons
  8 gnolls
  11 adders
  3 white imps
  4 ufetubi
  An ooze (D:5)
  2 worms (D:3)
  3 dart slugs
  9 leopard geckos
  51 orcs
  3 giant cockroaches
  5 goblins
  3 hobgoblins
  6 jackals
  4 quokkas
  A ball python (D:6)
  9 bats
  5 frilled lizards
  A giant cockroach zombie (D:6)
  2 gnoll zombies (D:6)
  8 kobolds
  A quokka zombie (D:7)
  5 rats
  A butterfly (D:7)
252 creatures vanquished.

Vanquished Creatures (collateral kills)
  A hydra (D:11)
1 creature vanquished.

Vanquished Creatures (others)
  5 fungi (D:6)
  5 plants (D:6)
10 creatures vanquished.

Grand Total: 263 creatures vanquished

Notes
Turn   | Place    | Note
-------+----------+-------------------------------------------
     0 | D:1      | dtburroughs the Minotaur Berserker began the quest for the
                  | Orb.
     0 | D:1      | Reached XP level 1. HP: 19/19 MP: 0/0
   390 | D:1      | Reached XP level 2. HP: 20/27 MP: 1/1
   789 | D:2      | Found a faded altar of an unknown god.
   876 | D:2      | Reached XP level 3. HP: 33/33 MP: 2/2
   924 | D:2      | Found a burning altar of Makhleb.
   960 | D:2      | Reached XP level 4. HP: 33/41 MP: 3/3
  1111 | D:2      | Found a broken altar of Ashenzari.
  2103 | D:3      | Found a bloodstained altar of Trog.
  2103 | D:3      | Found a hazy altar of Hepliaklqana.
  2111 | D:3      | Found a faded altar of an unknown god.
  2113 | D:3      | Found a faded altar of an unknown god.
  2121 | D:3      | Found a radiant altar of Vehumet.
  2309 | D:3      | Reached ** piety under Trog
  2378 | D:3      | Noticed a moth of wrath
  2386 | D:3      | Found a bloodstained altar of Trog.
  2419 | D:3      | Reached XP level 5. HP: 24/47 MP: 4/4
  2898 | D:4      | Reached skill level 5 in Axes
  2916 | D:4      | Reached skill level 5 in Fighting
  2932 | D:4      | Reached XP level 6. HP: 35/56 MP: 5/5
  3198 | D:4      | Got a heavily runed cloak
  3210 | D:4      | Noticed Sigmund
  3227 | D:4      | Killed Sigmund
  3228 | D:4      | Reached skill level 5 in Armour
  3228 | D:4      | Reached XP level 7. HP: 50/62 MP: 6/6
  3254 | D:4      | Found an opulent altar of Gozag.
  3607 | D:4      | Reached skill level 5 in Dodging
  3836 | D:4      | Got a transparent chain mail
  3850 | D:5      | Entered Level 5 of the Dungeon
  3871 | D:5      | Identified the cursed +0 chain mail of Jaemil {+Inv rPois
                  | rN+ Dex+2} (You found it on level 4 of the Dungeon)
  3876 | D:5      | Identified the +1 cloak "Fisse" {Str+5 Dex+3} (You found it
                  | on level 4 of the Dungeon)
  4208 | D:5      | Reached XP level 8. HP: 71/71 MP: 7/7
  4272 | D:5      | Reached *** piety under Trog
  5233 | D:6      | Found a blossoming altar of Fedhas.
  5614 | D:6      | Found a basalt altar of Yredelemnul.
  5857 | D:6      | Found a runed translucent gate.
  5858 | D:6      | Found a runed translucent gate.
  5858 | D:6      | Noticed 2021koboldassassin's ghost (novice KoBr)
  5859 | D:6      | Found a runed translucent gate.
  6137 | D:7      | Reached XP level 9. HP: 81/81 MP: 8/8
  6157 | D:7      | Noticed Duvessa
  6168 | D:7      | Noticed Dowan
  6182 | D:7      | Killed Dowan
  6183 | D:7      | Reached skill level 1 in Evocations
  6197 | D:7      | Killed Duvessa
  6710 | D:7      | Found a staircase to the Ecumenical Temple.
  7002 | D:7      | Killed an unseen horror
  7283 | D:7      | Noticed Harold
  7302 | D:7      | Killed Harold
  7720 | D:7      | Found a hide-covered altar of Uskayaw.
  8004 | D:8      | Reached XP level 10. HP: 85/91 MP: 9/9
  8049 | D:8      | You fall into a shaft and drop 2 floors!
  8049 | D:10     | Entered Level 10 of the Dungeon
  8264 | D:9      | Reached **** piety under Trog
 10045 | D:9      | Noticed a two-headed ogre
 10056 | D:9      | Killed a two-headed ogre
 10254 | D:9      | Found a snail-covered altar of Cheibriados.
 10467 | D:9      | Reached skill level 10 in Axes
 10821 | D:10     | Reached skill level 10 in Fighting
 10996 | D:10     | Noticed a centaur warrior
 11016 | D:10     | Killed a centaur warrior
 11132 | D:10     | Reached XP level 11. HP: 53/100 MP: 10/10
 11254 | D:10     | Reached skill level 10 in Armour
 11359 | D:10     | Reached skill level 5 in Evocations
 11421 | D:10     | Reached ***** piety under Trog
 11616 | D:11     | Noticed a seven-headed hydra
 11631 | D:11     | Killed a seven-headed hydra
 11816 | D:11     | Noticed Nergalle
 11825 | D:11     | Noticed a spectral orc warlord
 11831 | D:11     | Killed from afar by Nergalle

Illustrated notes

Levels and vault maps discovered:
D:1:      nzn_arrival_settlement, layout_basic, roderic_serpentine_path
D:2:      layout_loops_ring, lemuel_crystal_altar, makhleb_blood_cavern_becter,
          chequers_ecumenical_altar_simple_redux, minmay_statues_item
D:3:      layout_loops_corners, chequers_temple_overflow_minitemple, tgw_trog
D:4:      layout_basic, nicolae_overflow_crystal_walls, uniq_sigmund
D:5:      layout_basic, grunt_decor_fettered, dk_noncrumbling_2
D:6:      layout_rooms, lemuel_zombie_altar_yredelemnul,
          gammafunk_ghost_nasty_kobolds, fedhas_altar_3
D:7:      layout_loops_cross, kennysheep_mini, minmay_temple_entry_butterflies,
          uniq_harold, uniq_duvessa
D:8:      layout_basic, minivault_10
D:9:      layout_layer_cave, old_standard_altar, small_chamber_with_monster
D:10:     layout_basic, kennysheep_generic_room_7
D:11:     layout_grid_maze, dpeg_lair_monsters, tgw_sif, uniq_nergalle

Skill      XL: |  1  2  3  4  5  6  7  8  9 10 11 |
---------------+----------------------------------+-----
Axes           | 4 5 6 7 9 10 | 10.5
Fighting       | 4 5 6 7 9 10 | 10.5
Armour         | 3 4 5 7 8 9 10 | 10.2
Dodging        | 3 4 5 6 7 9 |  9.4
Evocations     | 3 4 5 |  5.2

Action                   |  1- 3 |  4- 6 |  7- 9 | 10-12 || total
-------------------------+-------+-------+-------+-------++-------
Melee: Hand axe          |    42 |   147 |    24 |       ||   213
       Headbutt          |     7 |    33 |    79 |    53 ||   172
       War axe           |       |       |   218 |   240 ||   458
       Morningstar       |       |       |       |     2 ||     2
Invok: Trog's Hand       |       |     1 |     6 |     5 ||    12
       Berserk           |       |       |     1 |     1 ||     2
       Brothers in Arms  |       |       |       |     1 ||     1
Evoke: Wand              |       |       |       |     1 ||     1
  Use: Scroll            |       |       |     6 |     5 ||    11
       Potion            |       |       |     1 |       ||     1
Armor: Animal skin       |     4 |       |       |       ||     4
       Chain mail        |    15 |    63 |   146 |   140 ||   364
Dodge: Dodged            |    22 |    63 |   139 |   200 ||   424
